 Dungeon Crawl Stone Soup version 0.13-a0-2350-g4422b0a (webtiles) character file.

986 DaftWullie the Slicer (level 8, -2/49 HPs)
             Began as a Kobold Berserker on July 9, 2013.
             Was a Priest of Trog.
             Killed by divine providence
             ... invoked by an orc priest
              (16 damage)
             ... on Level 7 of the Dungeon on July 11, 2013.
             The game lasted 00:57:48 (5604 turns).

DaftWullie the Slicer (Kobold Berserker)            Turns: 5604, Time: 00:57:48

HP  -2/49        AC  2     Str 16      XL: 8   Next: 34%
MP   7/7         EV 18     Int  6      God: Trog [***...]
Gold 48          SH  0     Dex 16      Spells:  0 memorised,  7 levels left

Res.Fire  : . . .   See Invis. : .   a - +0 short sword
Res.Cold  : + . .   Warding    : .   b - +0 animal skin
Life Prot.: . . .   Conserve   : .   (no shield)
Res.Poison: .       Res.Corr.  : .   (no helmet)
Res.Elec. : .       Clarity    : .   (no cloak)
Sust.Abil.: + .     Spirit.Shd : .   (no gloves)
Res.Mut.  : .       Stasis     : .   (no boots)
Res.Rott. : .       Flight     : .   (no amulet)
Saprovore : + + .                    E - ring of protection from cold {unknown}
                                     d - ring of sustain abilities

@: exhausted, slowed, very slow, slightly resistant to hostile enchantments,
stealthy
A: disease resistance, carnivore 3, saprovore 2
a: Burn Spellbooks, Berserk, Trog's Hand, Renounce Religion


You were on level 7 of the Dungeon.
You worshipped Trog.
Trog was greatly pleased with you.
You were very full.

You visited 2 branches of the dungeon, and saw 8 of its levels.

You collected 145 gold pieces.
You spent 117 gold pieces at shops.

Inventory:

Hand weapons
 a - a +0,+0 short sword (weapon)
 i - a +1,+0 dagger
 p - a -1,+1 orcish dagger
 r - a -1,+1 orcish dagger
Missiles
 h - 49 darts (quivered)
 m - 6 needles of slowing
Armour
 b - a +0 animal skin (worn)
 l - a +1 helmet
Magical devices
 x - a wand of random effects (18)
 z - a wand of digging (8)
 C - a wand of flame (5)
Comestibles
 c - 3 meat rations
Scrolls
 g - a scroll of curse weapon {unknown}
 j - a scroll of curse jewellery {unknown}
 k - 6 scrolls of identify
 n - 2 scrolls of amnesia {unknown}
 o - a scroll of recharging {unknown}
 s - a scroll of curse armour {unknown}
 u - 3 scrolls of remove curse
 w - 5 scrolls of enchant armour {unknown}
 y - a scroll of enchant weapon I {unknown}
 A - a scroll of teleportation {unknown}
 B - a scroll of immolation {unknown}
 G - a scroll of noise {unknown}
 H - a scroll of fear {unknown}
Jewellery
 d - a ring of sustain abilities (left hand)
 E - a ring of protection from cold (right hand) {unknown}
Potions
 e - 2 potions of poison {unknown}
 q - a potion of speed
 t - a potion of mutation {unknown}


   Skills:
 + Level 5.0 Fighting
 * Level 8.9 Short Blades
 - Level 3.1 Throwing
 - Level 1.5 Armour
 + Level 6.0 Dodging
 - Level 2.4 Stealth
 - Level 0.2 Traps


You had 7 spell levels left.
You didn't know any spells.

Dungeon Overview and Level Annotations

Branches:
Dungeon (7/27)             Temple (1/1) D:5             Orc (0/4) D:7

Altars:
Elyvilon
Makhleb
Nemelex Xobeh
Trog
Zin

Shops:
D:5: [

Annotations
D:4 Dowan, Duvessa, Sigmund
D:5 Prince Ribbit


Innate Abilities, Weirdness & Mutations

You recuperate from illness quickly.
You are small and have problems with some larger weapons.
You are carnivorous and can eat meat at any time.
You can eat rotten meat.


Message History

Press: ? - help, Shift-Dir - straight line, f/p - orc priest
Aim: an orc priest, wielding an orcish hand axe and wearing an orcish scale mail You throw a dagger.
The dagger hits the orc priest.
Throwing (i - inventory. (,) - cycle):
F - a +0,+0 orcish dagger (quivered)
Press: ? - help, Shift-Dir - straight line, f/p - orc priest
Aim: an orc priest, wielding an orcish hand axe and wearing an orcish scale mail You throw a +0,+0 orcish dagger.
The +0,+0 orcish dagger misses the orc priest. 3 gnolls come into view.
The orc priest mumbles some strange prayers to Beogh against you.
Something smites you!
* * * LOW HITPOINT WARNING * * *
The orc priest looks stronger.
The gnoll picks up a +0,+0 orcish dagger.
The gnoll drops a +0,+0 orcish dagger.
The gnoll picks up a dagger.
The gnoll throws a dagger.
The dagger misses you.
You see here a dagger.
The orc priest mumbles some strange prayers to Beogh against you.
Something smites you!
You die...

# ### .. g. #.. .#
.).####.###.####
.(.g............#
g...........###.#
..............#.#
.......o.........######
>.........o)@...........
.............)...######
....##.###+###......#
... #. #<#.####.# . ##
#.#.# #.#.# #.#.# #.#.#
#.#.#


You could see 2 orc priests.

Vanquished Creatures
  2 orc warriors
  An ice beast (D:3)
  An ogre (D:4)
  Blork the orc (D:4)
  A giant frog (D:7)
  3 crimson imps (D:5)
  An iguana (D:3)
  2 orc wizards
  2 worker ants (D:5)
  Jessica (D:3)
  10 adders
  3 worms
  An iguana zombie (D:5)
  A giant eyeball (D:5)
  3 giant geckos
  9 orcs
  5 giant cockroaches
  10 hobgoblins
  3 jackals (D:1)
  9 kobolds
  11 bats
  3 giant newts
  6 goblins
  2 quokkas
  11 rats
102 creatures vanquished.

Vanquished Creatures (others)
  An orc (D:5)
1 creature vanquished.

Grand Total: 103 creatures vanquished

Notes
Turn   | Place    | Note
--------------------------------------------------------------
     0 | D:1      | DaftWullie, the Kobold Berserker, began the quest for the Orb.
     0 | D:1      | Reached XP level 1. HP: 14/14 MP: 0/0
   182 | D:1      | Reached XP level 2. HP: 9/19 MP: 1/1
   858 | D:1      | Reached XP level 3. HP: 24/24 MP: 2/2
  1521 | D:2      | Acquired Trog's second power
  1800 | D:2      | Reached skill level 5 in Short Blades
  1800 | D:2      | Reached skill level 1 in Stealth
  1800 | D:2      | Reached XP level 4. HP: 19/28 MP: 3/3
  1989 | D:2      | Reached skill level 1 in Throwing
  2048 | D:2      | Noticed an orc warrior
  2054 | D:2      | HP: 2/42 [orc warrior/orcish long sword (22)]
  2056 | D:2      | Killed an orc warrior
  2056 | D:2      | Reached XP level 5. HP: 2/33 MP: 4/4
  2333 | D:2      | Reached XP level 6. HP: 24/39 MP: 5/5
  2587 | D:2      | Upgraded the game from 0.13-a0-2305-ge00d11d to 0.13-a0-2318-gf5ad1f9
  2734 | D:2      | Reached skill level 6 in Short Blades
  3246 | D:4      | Noticed Duvessa
  3246 | D:4      | Noticed Blork the orc
  3247 | D:4      | Noticed Dowan
  3297 | D:3      | Noticed Jessica
  3305 | D:3      | Killed Jessica
  3616 | D:3      | Noticed an ice beast
  3622 | D:3      | Killed an ice beast
  3622 | D:3      | Reached XP level 7. HP: 26/43 MP: 6/6
  3714 | D:4      | Noticed Sigmund
  3755 | D:4      | Reached skill level 7 in Short Blades
  3883 | D:4      | HP: 1/66 [Blork the orc/orcish battleaxe (7)]
  3885 | D:4      | Killed Blork the orc
  4230 | D:5      | Entered Level 5 of the Dungeon
  4251 | D:5      | Reached skill level 5 in Dodging
  4431 | D:5      | Paralysed by a giant eyeball for 2 turns
  4463 | D:5      | Found a staircase to the Ecumenical Temple.
  4534 | D:5      | Found Ijaelaup's Armour Emporium.
  4585 | D:5      | Bought a +1 helmet for 117 gold pieces
  4941 | D:4      | Found a white marble altar of Elyvilon.
  4960 | D:5      | Reached skill level 8 in Short Blades
  5000 | D:5      | Noticed Prince Ribbit
  5001 | D:5      | Upgraded the game from 0.13-a0-2318-gf5ad1f9 to 0.13-a0-2350-g4422b0a
  5230 | D:5      | Reached XP level 8. HP: 17/48 MP: 7/7
  5468 | Temple   | Entered the Ecumenical Temple
  5580 | D:7      | Reached skill level 5 in Fighting
  5595 | D:7      | Found a staircase to the Orcish Mines.
  5604 | D:7      | Killed from afar by an orc priest

Action                   |  1- 3 |  4- 6 |  7- 9 || total
-------------------------+-------+-------+-------++-------
Melee: Short sword       |   132 |   145 |   339 ||   616
Throw: Dart              |    15 |    16 |     6 ||    37
       Dagger            |    13 |    36 |    17 ||    66
Invok: Berserk           |     3 |     4 |     2 ||     9
Evoke: Wand              |       |     1 |     1 ||     2
  Use: Scroll            |       |     2 |     2 ||     4
       Potion            |       |     1 |       ||     1
 Stab: Sleeping          |       |     3 |     1 ||     4
